Map: Apotheosis LE

Players

Fropez - Winner!

  • Race: Protoss Protoss
  • League: Gold
  • Spawn Location: 11:00

TheTown

  • Race: Protoss Protoss
  • League: Gold
  • Spawn Location: 5:00

VOD

Have the link to the VOD?

Description

Time

  • Played on: Nov. 17, 2016, 8:40 p.m.
  • Length: 6:17
Show
View Real Time Build Order
Export as new Build Order

Fropez Protoss - Winner!

Build Orders:  

Get SALT Encoding   

  12  0:05  Probe (Chrono Boost)  
  13  0:15  Probe (Chrono Boost)  
  13  0:20  Pylon  
  14  0:26  Probe (Chrono Boost)  
  15  0:30  Assimilator  
  15  0:38  Probe (Chrono Boost)  
  16  0:47  Gateway  
  16  0:49  Probe (Chrono Boost)  
  17  0:59  Probe (Chrono Boost)  
  18  1:11  Probe (Chrono Boost), Assimilator  
  18  1:13  Pylon  
  19  1:22  Probe (Chrono Boost)  
  20  1:29  Pylon  
  20  1:32  Pylon  
  20  1:41  Probe (Chrono Boost)  
  21  1:54  Cybernetics Core  
  22  2:01  Probe (Chrono Boost)  
  22  2:02  Forge  
  22  2:18  Pylon  
  22  2:21  Probe (Chrono Boost)  
  23  2:32  Probe (Chrono Boost)  
  23  2:36  Pylon  
  23  2:41  Warp Gate (Chrono Boost)  
  23  2:43  Mothership Core (Chrono Boost)  
  25  2:53  Adept (Chrono Boost)  
  27  3:02  Probe  
  27  3:05  Nexus  
  28  3:14  Probe  
  29  3:25  Adept (Chrono Boost)  
  29  3:26  Protoss Ground Weapons Level 1  
  31  3:35  Pylon  
  31  3:38  Pylon  
  31  3:39  Photon Cannon  
  31  3:42  Photon Cannon  
  31  3:46  Pylon  
  31  3:54  Photon Cannon  
  31  3:58  Pylon  
  30  4:14  Probe  
  31  4:20  Gateway  
  31  4:22  Gateway  
  31  4:25  Probe  
  32  4:33  Gateway  
  32  4:59  Probe  
  32  5:00  Probe  
  32  5:02  Gateway  
  32  5:05  Assimilator  
  34  5:14  Stalker  
  34  5:16  Probe  
  37  5:27  Stalker x2  
  41  5:33  Pylon  
  39  5:43  Stalker x2  
  39  5:57  Stalker x2  
Show
View Real Time Build Order
Export as new Build Order

TheTown Protoss 

Build Orders: Nexus First 

Get SALT Encoding   

  12  0:01  Probe (Chrono Boost)  
  13  0:12  Probe (Chrono Boost)  
  14  0:21  Pylon  
  14  0:26  Probe (Chrono Boost)  
  15  0:53  Nexus  
  15  1:02  Probe (Chrono Boost), Assimilator  
  16  1:13  Probe (Chrono Boost)  
  17  1:23  Probe (Chrono Boost)  
  18  1:31  Assimilator  
  18  1:34  Probe (Chrono Boost)  
  19  1:42  Gateway  
  19  1:44  Probe (Chrono Boost)  
  20  1:55  Probe (Chrono Boost)  
  21  2:07  Probe (Chrono Boost)  
  22  2:25  Probe (Chrono Boost)  
  23  2:36  Probe (Chrono Boost)  
  24  2:46  Probe (Chrono Boost)  
  24  2:48  Cybernetics Core  
  25  2:57  Probe (Chrono Boost)  
  25  2:58  Gateway  
  26  3:05  Probe (Chrono Boost)  
  27  3:08  Probe (Chrono Boost)  
  28  3:15  Probe (Chrono Boost)  
  28  3:18  Probe (Chrono Boost), Warp Gate (Chrono Boost)  
  30  3:26  Probe (Chrono Boost)  
  31  3:27  Probe  
  31  3:28  Adept (Chrono Boost)  
  34  3:38  Probe  
  34  3:39  Probe  
  36  3:50  Probe  
  37  4:02  Adept (Chrono Boost)  
  24  4:20  Adept (Chrono Boost)  
  26  4:27  Adept (Chrono Boost)  
  26  4:30  Probe  
  29  4:42  Probe  
  30  4:53  Pylon  
  30  4:54  Pylon  
  30  5:06  Robotics Facility  
  30  5:11  Probe  
  31  5:23  Probe  
  31  5:27  Gateway  
  32  5:29  Gateway  
  32  5:33  Gateway, Stalker  
  32  5:34  Stalker  
  32  5:35  Probe  
  35  5:47  Probe  
  36  5:56  Adept  
  36  5:57  Adept  
Tags
 
League
GoldGold
Matchup
PvP
Replay Pack
All Mines
Spawn Locations
Cross Positions
Add a new tag
Caveats
  • Supply blocks, unpowered buildings, or Contaminate may cause inaccurate times.
  • Supply counts are checked every 10 seconds.